Unix NetHack Version 5.0.0-0 post-release - last build May  4 2026 22:22:43 (774f63e81ad911689b3a0859ea89b322d5daca8d,branch:main).

Game began 2026-05-05 08:33:28, ended 2026-05-05 09:17:40.

AvatarOfWar, lawful female dwarven Valkyrie

                                                                -----------
                                                                |.........|
                        ---------------------------------   ####..........|
                        |.-..|..|..-....|..|..|..|..|%..|   #   |.<.......|
                        |.|..|..|..|....-..|..|@.|..-...|   #   |...."....|
                        |.----|-----....-----|-o.----...|  #####-.........|
         ---------      |...............................|   #   --------.--
         |.....>.-#     |.--|-..-|--........-..|---|-...|  ##           #
         |.......|      |.|..|..|..|......{|....|...|...|# #           ##
         |........#     |.|..|..|..|.......|....|%%%|...|###       #####
         |.......|#### #|.----..----.......|..@.|!%%|...|"#       ##
         |.......|   ###|.............{....|..@.|%]%|...|##       #
         |.......|     #..------...------.----------|...|#        #
         ---------     #|.|.*!?|...|(((.|.|....|(((.|...|#      --.--------
                       #|.-..??|...|(((.|.|....|(((.-...|#      |.........|
                       #|.|.!()|...|((?.-.-....|(](.|...|#      |.........|
                       #|.------...------.-----------....#      |.........|
                       #|...............................|#      |.........|
                       #---------------------------------       -----------

AvatarOfWar the Skirmisher  St:18/01 Dx:10 Co:20 In:9 Wi:7 Ch:11  Lawful
Dlvl:6  $:2  HP:0(67) Pw:6(6) AC:10 Xp:5 T:3503 

Latest messages:
 The water nymph hurls an uncursed cyan potion!
 The vial crashes on your head and breaks into shards.
 The cyan potion evaporates.
 You feel somewhat dizzy.
 Call a cyan potion: 
 You hit the water nymph.
 The water nymph stole an orcish helm.
 The water nymph vanishes!
 You feel less confused now.
 The Uruk-hai drinks a potion of invisibility!
 Suddenly you cannot see the Uruk-hai.
 You kill the grid bug!
 You miss the grid bug.
 You kill the grid bug!
 You are hit by a poisoned orcish arrow!
 You are hit by a poisoned orcish arrow.
 The grid bug bites!
 You get zapped!
 You kill the grid bug!
 You are hit by a poisoned orcish arrow.
 You kill the water nymph!
 #o: unknown extended command.
 What do you want to sacrifice? [r or ?*] r
 Nothing happens.
 What do you want to drop? [$nprtP or ?*] r
 A goblin corpse lands on the altar.
 It hits!
 You miss it.
 You hit it.
 The kitten bites!
 It hits!
 You hit it.
 The kitten bites!
 The kitten bites!
 It hits!
 The kitten bites!
 The kitten bites!
 You hit the kitten.
 The kitten bites!
 The kitten bites!
 You kill the kitten!
 It hits!
 You hit the Uruk-hai!
 It hits!
 You hit the Uruk-hai.
 The Uruk-hai hits!
 It hits!
 You die...
 Do you want your possessions identified? [ynq] (y) y
 Do you want to see your attributes? [ynq] (y) q

Inventory:
 Coins    ('$')
  $ - 2 gold pieces
 Weapons  (')')
  t - a +0 orcish dagger
 Scrolls  ('?')
  n - an uncursed scroll of remove curse
 Potions  ('!')
  p - a blessed potion of invisibility
 Wands    ('/')
  P - a blessed wand of locking (1:6)

AvatarOfWar the Valkyrie's attributes:

Background:
 You were a Skirmisher, a level 5 dwarven Valkyrie.
 You were lawful, on a mission for Tyr
 who was opposed by Odin (neutral) and Loki (chaotic).
 You were right-handed.
 You were in the Gnomish Mines, on level 6.
 You entered the dungeon 3503 turns ago.
 You had 222 experience points, 98 more were needed to attain level 6.

Basics:
 You had 0 out of 67 hit points.
 You had all 6 energy points (spell power).
 Your armor class was 10.
 Your wallet contained 2 zorkmids.
 Autopickup was on for all types.

Final Characteristics:
 Your strength was 18/01 (limit:18/100).
 Your dexterity was 10 (limit:20).
 Your constitution was 20 (limit:20).
 Your intelligence was 9 (limit:16).
 Your wisdom was 7 (limit:16).
 Your charisma was 11 (limit:16).

Final Status:
 You weren't hungry.
 You were unencumbered.
 You were bare handed.
 You were unskilled in bare handed combat.
 You weren't wearing any armor.

Final Attributes:
 You were piously aligned.
 You were cold resistant.
 You were telepathic.
 You had infravision.
 You were stealthy.
 You are dead.

Miscellaneous:
 You encountered 1 bones level.
 Total elapsed playing time was 44 minutes and 10 seconds.

Major events:
 Turn
    1: AvatarOfWar the lawful dwarven Valkyrie entered the dungeon
  640: entered the Gnomish Mines
 1029: attained the rank of Skirmisher (level 3)
 1799: reached Mine Town
 3503: killed by an invisible Uruk-hai

You didn't know any spells.

Skills:
 Fighting Skills
   bare handed combat [Unskilled]
   two weapon combat  [Unskilled]
   riding             [Unskilled]
 Weapon Skills
   dagger             [Basic]
   axe                [Unskilled]
   pick-axe           [Unskilled]
   short sword        [Unskilled]
   broadsword         [Unskilled]
   long sword         [Unskilled]
   two-handed sword   [Unskilled]
   saber              [Unskilled]
   hammer             [Unskilled]
   quarterstaff       [Unskilled]
   polearms           [Unskilled]
   spear              [Basic]
   trident            [Unskilled]
   lance              [Unskilled]
   sling              [Unskilled]
 Spellcasting Skills
   attack spells      [Unskilled]
   escape spells      [Unskilled]

Voluntary challenges:
 Character rerolling was not enabled.
 You never genocided any monsters.
 You never polymorphed an object.
 You never changed form.
 You used no wishes.
Achievements:
 You entered a shop.
 You entered the Gnomish Mines.
 You attained the rank of Skirmisher.
 You entered Minetown.
 You entered a temple.

 The Dungeons of Doom: levels 1 to 3
    Level 1:
       Some fountains.
    Level 2:
       A potion shop.
       Stairs down to The Gnomish Mines.
    Level 3:
 The Gnomish Mines: levels 3 to 6
    Level 3:
    Level 4:
    Level 5:
       A grave.
       Final resting place for
          Stef75-Wiz-Elf-Mal-Cha, killed by a dwarf lord.
    Level 6: <- You were here.
       Many shops, a temple and an altar to Tyr, some fountains.
       Final resting place for
          you, killed by an invisible Uruk-hai.


Vanquished creatures:
  a bugbear
  a water nymph
  a rock mole
  a pony
  2 elf zombies
  a giant ant
  2 floating eyes
  a kitten
  a centipede
 an iguana
 an acid blob
  a coyote
  a hobbit
  2 giant rats
  2 cave spiders
  a brown mold
  2 yellow molds
  3 gnomes
  4 garter snakes
  3 geckos
  5 jackals
  a kobold
  4 goblins
  4 sewer rats
  5 grid bugs
  4 lichens
  3 newts
58 creatures vanquished.

No species were genocided or became extinct.

Game over:
                       ----------
                      /          \
                     /    REST    \
                    /      IN      \
                   /     PEACE      \
                  /                  \
                  |   AvatarOfWar    |
                  |       2 Au       |
                  |   killed by an   |
                  |    invisible     |
                  |     Uruk-hai     |
                  |                  |
                  |       2026       |
                 *|     *  *  *      | *
        _________)/\\_//(\/(/\)/\//\/|_)_______

Farvel AvatarOfWar the Valkyrie...

You died in The Gnomish Mines on dungeon level 6 with 1180 points,
and 2 pieces of gold, after 3503 moves.
You were level 5 with a maximum of 67 hit points when you died.

